 Dungeon Crawl Stone Soup version 0.27-a0-972-gd1521fd518 (webtiles) character file.

Game seed: 15693108332282187176

39 Alarkh the Insei (level 3, 0/26 HPs)
             Began as a Demonspawn Transmuter on Apr 13, 2021.
             Succumbed to an adder's poison
             ... on level 2 of the Dungeon.
             The game lasted 00:01:45 (1144 turns).

Alarkh the Insei (Demonspawn Transmuter)            Turns: 1144, Time: 00:01:46

Health: 0/26       AC:  2    Str: 10    XL:     3   Next: 26%
Magic:  5/6        EV: 12    Int: 15    God:
Gold:   46         SH:  4    Dex: 13    Spells: 5/6 levels left

rFire    . . .     SeeInvis .     - Unarmed
rCold    + . .     Faith    .   (no shield)
rNeg     . . .     Spirit   .   a - +0 robe
rPois    .         Reflect  .   (helmet currently unavailable)
rElec    .         Harm     .   (no cloak)
rCorr    +         Rampage  .   (no gloves)
Will     .....                  (boots currently unavailable)
Stlth    +.........             d - amulet of the acrobat
HPRegen  0.08/turn              f - ring of resist corrosion
MPRegen  0.10/turn              i - ring of protection from cold

@: lethally poisoned (0 -> -7), appendages
A: horns 2, talons 2, large bone plates 1, powered by death 1
a: End Transformation


You were on level 2 of the Dungeon.
You had temporarily grown beastly horns and talons.
You visited 1 branch of the dungeon, and saw 2 of its levels.

You collected 46 gold pieces.

Inventory:

Missiles
 j - 18 poisoned darts
Armour
 a - a +0 robe (worn)
Jewellery
 d - an amulet of the acrobat (around neck)
 f - a ring of resist corrosion (left hand)
 i - a ring of protection from cold (right hand)
Scrolls
 b - a scroll of vulnerability {unknown}
 c - a scroll of enchant weapon {unknown}
 g - a scroll of enchant armour {unknown}
 h - a scroll of fog {unknown}
 k - a scroll of identify {unknown}


   Skills:
 + Level 1.5 Fighting
 - Level 1.7 Dodging
 * Level 3.2 Unarmed Combat
 + Level 2.3 Spellcasting
 + Level 2.1 Transmutations


You had 5 spell levels left.
You knew the following spells:

 Your Spells              Type           Power      Damage    Failure   Level
a - Beastly Appendage     Tmut           16%        N/A       9%          1

Your spell library contained the following spells:

 Spells                   Type           Power      Damage    Failure   Level
 Wereblood                Tmut           8%         N/A       13%         2
 Spider Form              Tmut/Pois      2%         N/A       38%         3
 Ice Form                 Ice/Tmut       5%         N/A       80%         4
 Hydra Form               Tmut           4%         N/A       94%         5


Dungeon Overview and Level Annotations

Branches:
Dungeon (2/15)

Altars:


Innate Abilities, Weirdness & Mutations

You have temporarily grown beastly horns and talons.
You are partially covered in large bone plates. (SH +4)
You regenerate a little health from kills.


Message History

You are more poisoned.
The adder poisons you!
You closely miss the adder.
The adder is severely wounded.
You feel sick. The adder bites you but does no damage.
You are too injured to fight recklessly!
You are too injured to fight recklessly!
You are too injured to fight recklessly!
You are too injured to fight recklessly!
You are too injured to fight recklessly!
You are too injured to fight recklessly!
You hit the adder but do no damage. Your kick misses the adder.
You headbutt the adder.
The adder is almost dead.
You feel sick. The adder closely misses you.
The adder bites you but does no damage.
You miss the adder.
The adder is almost dead.
You feel sick. The adder bites you.
* * * LOW HITPOINT WARNING * * *
You closely miss the adder. Your kick misses the adder.
The adder is almost dead.
Your horns disappear.
Your talons disappear.
You feel sick. The adder barely misses you.
Casting: Beastly Appendage (safe; 9% risk of failure)
Confirm with . or Enter, or press ? or * to list all spells.
You grow a pair of large bovine horns.
Your feet morph into talons.
You feel sick. You block the adder's attack.
Unknown command.
You closely miss the adder. Your headbutt misses the adder.
The adder is almost dead.
You feel sick.
You are no longer poisoned.
The adder bites you.
* * * LOW HITPOINT WARNING * * *
You are lethally poisoned!
The adder poisons you!
You barely miss the adder.
The adder is almost dead.
You die...

....... ?...... .......
....... # ....... .#
###>...... ##..#
##......... # ##...
##..@S...... ##...##
#####...#....?..
...<..#.#.......##.####.
.<..........###.# ...
........##.## #.# #.#
.#####.....####.# .# .#
#.......#..## # ##
##..........# ###
###..##.##.#..


You could see an adder.

Vanquished Creatures
  An adder (D:2)
  2 bats
  3 endoplasms
  2 giant cockroaches (D:1)
  2 goblins
  3 hobgoblins
  2 kobolds (D:1)
  4 quokkas (D:1)
  4 ball pythons
  3 frilled lizards (D:1)
26 creatures vanquished.

Notes
Turn   | Place    | Note
-------+----------+-------------------------------------------
     0 | D:1      | Alarkh the Demonspawn Transmuter began the quest for the
                  | Orb.
     0 | D:1      | Reached XP level 1. HP: 15/15 MP: 3/3
   131 | D:1      | Gained mutation: You regenerate a little health from kills.
                  | [demonic ancestry]
   131 | D:1      | Reached XP level 2. HP: 18/21 MP: 3/5
   161 | D:1      | Reached skill level 3 in Unarmed Combat
   324 | D:1      | Found a faded altar of an unknown god.
   799 | D:2      | Gained mutation: You are partially covered in large bone
                  | plates. (SH +4) [demonic ancestry]
   799 | D:2      | Reached XP level 3. HP: 7/26 MP: 4/6
  1144 | D:2      | Succumbed to an adder's poison

Illustrated notes

Levels and vault maps discovered:
D:1:      giann_bridges, layout_loops_cross,
          shapermc_ecumenical_altar_totnotflames
D:2:      layout_rooms, chequers_serial_rivers_micro_b

Skill      XL: |  1  2 |
---------------+-------+-----
Transmutations | 2 |  2.1
Unarmed Combat | 3 |  3.2
Fighting       | |  1.5
Dodging        | |  1.7
Spellcasting   | |  2.3

Action                   || total
-------------------------++-------
Melee: Unarmed           ||    69
       Kick              ||    13
       Headbutt          ||     7
 Cast: Beastly Appendage ||    19
  Use: Potion            ||     1
Armor: Robe              ||    11
Dodge: Dodged            ||    53
Block: Other             ||     4

Table legend: (Time is in decaauts)
 A = Elapsed time spent in this place.
 B = Non-inter-level travel time spent in this place.
 C = Inter-level travel time spent in this place.
 D = Time resting spent in this place.
 E = Time spent auto-exploring this place.
 F = Levels seen in this place.
 G = Mean time per level.
                   A        B        C        D        E       F      G
               +--------+--------+--------+--------+--------+-----+--------+
         Total |   1126 |   1023 |    103 |      2 |    843 |   2 |  563.0 |
       Dungeon |   1126 |   1023 |    103 |      2 |    843 |   2 |  563.0 |
               +--------+--------+--------+--------+--------+-----+--------+

Top non-repeatable levels by time:
     D:1: 972 daAuts
     D:2: 153 daAuts
